[Event "7th Sharjah Masters 2024"]
[Site "Sharjah"]
[Date "2024.05.19"]
[Round "6.20"]
[White "Ter-Sahakyan, Samvel"]
[Black "Mchedlishvili, Mikheil"]
[Result "1-0"]
[ECO "E48"]
[WhiteElo "2652"]
[BlackElo "2569"]
[Annotator "TA"]
[PlyCount "69"]
[EventDate "2024.05.13"]
[EventType "swiss"]
[EventCountry "UAE"]
[SourceTitle "playchess.com"]
[Source "ChessBase"]
[SourceQuality "1"]
[TimeControl "5400+30"]

1. d4 Nf6 2. c4 e6 3. Nc3 Bb4 4. e3 O-O 5. Bd3 c5 6. Nge2 cxd4 7. exd4 d5 8. cxd5 Nxd5 9. O-O Nc6 10. Bc2 Bd6 11. Qd3 g6 12. a3 Nxc3 13. bxc3 e5 14. Ng3 {[%emt 0:00:30] Repels Bf5} exd4 15. cxd4 Bxg3 16. Qxg3 {[%emt 0:00:30] The position is equal.} Nxd4 17. Bd3 {[%emt 0:00:30] Inhibits Ne2+.} Bf5 18. Bb2 {[%emt 0:00:30] Threatens to win with Rfd1.} Bxd3 19. Qxd3 Nc6 20. Qh3 Qd2 21. Rab1 Rad8 22. Ba1 Qd7 ({Black should try} 22... b6 $15) 23. Qh4 $11 {[%emt 0:00:30][%mdl 1024] aiming for Qf6. White has compensation.} f5 24. Qc4+ Rf7 25. Rfe1 $40 {[%emt 0:00:30][%mdl 128] White mounts an attack.} h5 26. h3 Kh7 {[%emt 0:00:30] [#]} 27. Rbd1 $1 Re8 28. Qc3 Rxe1+ 29. Rxe1 Rf8 {[%emt 0:00:30] Dodges Qh8+. Black is weak on the dark squares} 30. Re6 Qf7 (30... Qd1+ $1 $11 {remains equal.} 31. Kh2 Qd7) 31. Rd6 $16 {[%emt 0:00:30] White is more active.} Qe7 32. Qg3 Rg8 {[%emt 0:00:30] [#]} (32... Qf7 $16) 33. Bf6 $1 $18 Qe8 (33... Qc7 34. Qd3 Nb8) 34. Qb3 Qc8 35. Qf7+ {[%emt 0:00:30] Weighted Error Value: White=0.05 (flawless) /Black=0.57.  Loses game:     	---       	Black=1      Mistake:       	---       	Black=3      Inaccurate:     	White=1     	Black=2      OK:         	White=8     	Black=10     Best:        	White=2     	Black=1      Strong:       	White=1     	---} 1-0

[Event "7th Sharjah Masters 2024"]
[Site "Sharjah"]
[Date "2024.05.19"]
[Round "6.21"]
[White "Sargsyan, Shant"]
[Black "Gurel, Ediz"]
[Result "1/2-1/2"]
[ECO "C42"]
[WhiteElo "2637"]
[BlackElo "2578"]
[Annotator "TA"]
[PlyCount "57"]
[EventDate "2024.05.13"]
[EventType "swiss"]
[EventCountry "UAE"]
[SourceTitle "playchess.com"]
[Source "ChessBase"]
[SourceQuality "1"]
[TimeControl "5400+30"]

1. e4 e5 2. Nf3 Nf6 3. Nxe5 d6 4. Nf3 Nxe4 5. d4 d5 6. Bd3 Bf5 7. O-O Be7 8. Re1 O-O 9. Nbd2 Nd6 10. Nf1 c6 11. Bf4 {[%emt 0:00:30] And now Bxd6 would win.} Bxd3 12. Qxd3 Na6 {[%emt 0:00:30] [#]} 13. h4 $1 Nc7 14. Ng5 g6 15. Qh3 {[%emt 0:00:30] The position is equal.} Nf5 16. c3 h6 17. Bxc7 Qxc7 18. Nf3 h5 19. g4 hxg4 20. Qxg4 Nh6 21. Qg2 Bf6 22. h5 Kh7 23. hxg6+ fxg6 24. Re6 Rae8 25. Rae1 Rxe6 26. Rxe6 Qf7 27. Qh3 Kg7 28. Ne3 Bg5 29. Kg2 {[%emt 0:00:30] A rather calm draw.   Weighted Error Value: White=0.06 (flawless) /Black=0.03 (flawless) .  OK:         	White=8     	Black=12     Best:        	---       	Black=1} 1/2-1/2

[Event "7th Sharjah Masters 2024"]
[Site "Sharjah"]
[Date "2024.05.19"]
[Round "6.22"]
[White "Pranav Anand"]
[Black "Mishra, Abhimanyu"]
[Result "0-1"]
[ECO "B90"]
[WhiteElo "2532"]
[BlackElo "2634"]
[Annotator "RC"]
[PlyCount "126"]
[EventDate "2024.05.13"]
[EventType "swiss"]
[EventCountry "UAE"]
[SourceTitle "playchess.com"]
[Source "ChessBase"]
[SourceQuality "1"]
[TimeControl "5400+30"]

1. e4 c5 2. Nf3 d6 3. d4 cxd4 4. Nxd4 Nf6 5. Nc3 a6 6. Be3 e5 7. Nb3 Be7 8. f3 Be6 9. Qd2 h6 10. O-O-O h5 11. Kb1 Nbd7 12. Bd3 Qc7 13. h3 h4 14. f4 b5 15. fxe5 dxe5 16. Nd5 Bxd5 17. exd5 Nb6 18. Bxb6 Qxb6 19. Rhe1 Bd6 20. Na5 Kf8 21. Nc6 Re8 22. Be4 Nh5 23. c4 Ng3 24. Qc3 b4 25. Qf3 Rh6 26. Qg4 Qc7 27. Qg5 Bc5 28. d6 Bxd6 29. Bd5 e4 30. Qe3 Kg8 31. Rf1 Nxf1 32. Rxf1 Rf6 33. Rxf6 gxf6 34. Qh6 Bf8 35. Qg6+ Bg7 36. Nd4 Kf8 37. Qh5 e3 38. Ne2 f5 39. Qxf5 Re7 40. Kc2 Qe5 41. Qxe5 Bxe5 42. b3 Bd6 43. Kd3 Bc5 44. Ng1 a5 45. Ke2 Ra7 46. Bc6 Ra6 47. Bb7 Ra7 48. Bc6 Ra6 49. Bb7 Rg6 50. Ke1 Ke7 51. Ne2 Rd6 52. Bd5 a4 53. Nc1 Ra6 54. bxa4 Rxa4 55. Be4 Ra3 56. Nb3 Kd6 57. Bb1 Ra8 58. Ke2 f6 59. Nxc5 Kxc5 60. Kxe3 Kxc4 61. Bg6 Ra7 62. Kf3 Kc3 63. g3 Rg7 0-1

[Event "7th Sharjah Masters 2024"]
[Site "Sharjah"]
[Date "2024.05.19"]
[Round "6.23"]
[White "Bharath Subramaniyam H"]
[Black "Gledura, Benjamin"]
[Result "1/2-1/2"]
[ECO "B88"]
[WhiteElo "2545"]
[BlackElo "2619"]
[Annotator "TA"]
[PlyCount "143"]
[EventDate "2024.05.13"]
[EventType "swiss"]
[EventCountry "UAE"]
[SourceTitle "playchess.com"]
[Source "ChessBase"]
[SourceQuality "1"]
[TimeControl "5400+30"]

1. e4 c5 2. Nf3 d6 3. d4 cxd4 4. Nxd4 Nf6 5. Nc3 a6 6. Bc4 e6 7. a4 Be7 8. O-O O-O 9. Be3 Nc6 10. Qe2 {[%emt 0:00:39] 10.Kh1 is not played anymore.} Nxd4 {[%emt 0:04:25] B88: Sicilian: Sozin Attack.} 11. Bxd4 Bd7 12. a5 $146 ({Predecessor:} 12. Rad1 Qc7 13. e5 dxe5 14. Bxe5 Qc8 15. Ne4 Nxe4 16. Qxe4 Rd8 17. Qg4 {1-0 Bodnaruk,A (2350)-Tarnowska,A (1835) Titled Tuesday intern op 30th May Early blitz 2023 (1)}) 12... Bc6 13. Rfd1 Rc8 14. Bb6 Qe8 15. Bb3 Nd7 16. Bd4 Qd8 17. Qe3 Re8 18. Ne2 Bf8 19. c4 Qh4 20. Nc3 Ne5 21. Qg3 Qxg3 22. hxg3 f6 23. Rac1 Kf7 24. Ba2 Bd7 25. Ne2 Nc6 26. Bc3 Rc7 27. b3 Rb8 28. Bd2 b6 29. axb6 Rxb6 30. Nc3 Nb4 31. Bb1 g5 32. Be3 Rbb7 33. f4 h6 34. Rf1 Kg7 35. Rf2 Be7 36. Rcf1 Nc6 37. Bc2 Nb4 38. Bb1 (38. Bd1 $5) 38... gxf4 39. gxf4 ({White should play} 39. Rxf4 $11 Nc6 40. Rg4+ Kf7 41. Bxh6) 39... d5 $1 $15 40. exd5 exd5 (40... Nxd5 $5 41. Nxd5 exd5 $15) 41. Nxd5 (41. Rd2 $11) 41... Nxd5 $17 42. cxd5 Rxb3 43. Rf3 Bg4 44. Rg3 {[%emt 0:00:15] [#]} h5 $1 45. Bf2 Rxg3 46. Bxg3 Bd6 47. Bf2 Bxf4 48. Bd3 Rd7 49. Bc4 Be5 50. Bxa6 Rxd5 51. Bb7 Rd2 52. Be3 Re2 53. Bf4 Kg6 54. Ba6 Rb2 (54... Ra2 $15 55. Bd3+ Kg7) 55. Bd3+ $11 Kg7 56. Bxe5 fxe5 57. Bf5 Rb4 58. Kh2 (58. Bxg4 $11 hxg4 (58... Rxg4 59. Rf5 $11) 59. Rf5) 58... Kh6 (58... Rf4 $15 59. Rxf4 exf4) 59. Bxg4 $11 Rxg4 60. Rf5 Re4 61. Kg3 Kg6 62. Rf8 Rg4+ 63. Kf3 e4+ 64. Kf2 Rg5 65. Rf4 Rg4 66. Ke3 Kg5 67. Rxe4 Rxe4+ 68. Kxe4 Kg4 69. Ke5 h4 70. Kf6 $1 Kg3 (70... Kf4 $5) 71. Kg5 Kxg2 72. Kxh4 1/2-1/2

[Event "7th Sharjah Masters 2024"]
[Site "Sharjah"]
[Date "2024.05.19"]
[Round "6.24"]
[White "Petrosyan, Manuel"]
[Black "Horvath, Dominik"]
[Result "1/2-1/2"]
[ECO "C48"]
[WhiteElo "2618"]
[BlackElo "2554"]
[Annotator "TA"]
[PlyCount "121"]
[EventDate "2024.05.13"]
[EventType "swiss"]
[EventCountry "UAE"]
[SourceTitle "playchess.com"]
[Source "ChessBase"]
[SourceQuality "1"]
[TimeControl "5400+30"]

1. e4 e5 2. Nf3 Nf6 3. Nc3 Nc6 4. Bb5 Nd4 5. Nxd4 exd4 6. e5 dxc3 7. exf6 Qxf6 8. dxc3 Qe5+ 9. Qe2 Qxe2+ 10. Kxe2 c6 11. Bd3 d5 12. a4 $146 {[%emt 0:03:26] C48: Four Knights: 4 Bb5, replies other than 4...Bb4.} ({Predecessor:} 12. c4 Be6 13. cxd5 Bxd5 14. f3 Bc5 15. Be3 Bxe3 16. Kxe3 Kd7 17. Rhe1 Rae8+ 18. Kf2 h6 19. b3 Kc7 20. Rxe8 Rxe8 {½-½ Bacrot,E (2683)-Kuzubov,Y (2605) Titled Tuesday intern op 13th Feb Late blitz 2024 (4)}) 12... a5 13. Bf4 Be6 14. h4 h5 15. Kf3 O-O-O 16. Rhb1 d4 17. b4 axb4 18. cxb4 f6 19. Ke2 Bd6 20. Bxd6 Rxd6 21. Kd2 g5 22. Rh1 Bd5 23. f3 Kc7 24. a5 Re6 25. a6 bxa6 26. Rxa6 Re5 27. b5 Rg8 28. hxg5 Rexg5 29. Kc1 Rxg2 30. Rxh5 Rg1+ 31. Kb2 Re1 32. Rh7+ Kd6 33. bxc6 Bxc6 34. Be4 Rc8 35. Rh6 Kc5 36. Rh5+ ({Inferior is} 36. Rxf6 Rb8+ $15) 36... Kd6 {[%emt 0:00:03] [#]} 37. Rb6 $2 ({White has to play} 37. Kb3 $1 $18 ) 37... Re3 $1 $14 38. Rf5 Kd7 $1 39. Bxc6+ Rxc6 40. Rxc6 Kxc6 41. Rxf6+ Kd5 42. Rf8 Kc4 43. Kc1 Re2 44. Rc8+ Kd5 45. Rb8 Rf2 46. Rb3 Kc4 47. Rd3 Rf1+ 48. Kd2 Rf2+ 49. Kd1 Rf1+ 50. Ke2 Rc1 51. Kd2 Rf1 52. Ra3 Rf2+ 53. Kd1 Kb4 54. Rb3+ Kc4 55. Kc1 Rf1+ 56. Kb2 $1 Rf2 57. Ra3 Kb4 58. Rd3 Kc4 59. Rb3 Rf1 60. Ra3 Kb4 61. Rb3+ 1/2-1/2

[Event "7th Sharjah Masters 2024"]
[Site "Sharjah"]
[Date "2024.05.19"]
[Round "6.25"]
[White "Ivanchuk, Vasyl"]
[Black "Blohberger, Felix"]
[Result "0-1"]
[ECO "C65"]
[WhiteElo "2609"]
[BlackElo "2506"]
[Annotator "TA"]
[PlyCount "89"]
[EventDate "2024.05.13"]
[EventType "swiss"]
[EventCountry "UAE"]
[SourceTitle "playchess.com"]
[Source "ChessBase"]
[SourceQuality "1"]
[TimeControl "5400+30"]

1. e4 e5 2. Nf3 Nc6 3. Bb5 Nf6 4. d3 Bc5 5. Nbd2 O-O 6. Nb3 {[%emt 0:01:27][%cal Ob5c6] [#] Black must now prevent Bxc6!} Bb6 7. Bxc6 bxc6 8. h3 d6 9. Be3 Nd7 10. O-O Bb7 11. Re1 Rb8 12. a4 Bxe3 13. fxe3 c5 14. Nbd2 g6 15. b3 f5 16. Rf1 Qe7 17. Qe2 Rf7 18. Rf2 Rbf8 19. Raf1 h6 20. Kh2 Kg7 21. exf5 {[%emt 0:00:46] The position is equal.} Rxf5 22. e4 R5f7 23. Nc4 Nf6 24. Nfd2 Bc8 25. Ne3 Be6 26. Qe1 Ng8 27. Rxf7+ Rxf7 28. Nf3 Qf8 29. Qa5 Qb8 30. Qb5 Qc8 31. b4 a6 32. Qa5 cxb4 33. Qxb4 Ne7 34. Qc3 Kh7 35. a5 Qb7 36. Qe1 Qa7 37. Qd2 Kg7 38. d4 exd4 39. Nxd4 Rxf1 $1 40. Nxf1 {[%emt 0:00:36] Excellent horsemanship.} Bf7 41. Qc3 {[%emt 0:00:56] [#] White threatens Ne6+ and mate.} Kg8 42. Nd2 Qb7 43. N4f3 Qc6 44. Qf6 Qd7 45. e5 {[%emt 0:01:14][%mdl 32768] Weighted Error Value: White=0.05 (flawless) /Black=0.05 (flawless) .  Inaccurate:     	White=3     	Black=1      OK:         	White=20    	Black=17     Best:        	---       	Black=1      Strong:       	---       	Black=1     . Loss on time!?} 0-1

[Event "7th Sharjah Masters 2024"]
[Site "Sharjah"]
[Date "2024.05.19"]
[Round "6.26"]
[White "Zemlyanskii, Ivan"]
[Black "Aditya Mittal"]
[Result "1-0"]
[ECO "B90"]
[WhiteElo "2516"]
[BlackElo "2608"]
[Annotator "TA"]
[PlyCount "103"]
[EventDate "2024.05.13"]
[EventType "swiss"]
[EventCountry "UAE"]
[SourceTitle "playchess.com"]
[Source "ChessBase"]
[SourceQuality "1"]
[TimeControl "5400+30"]

1. e4 c5 2. Nf3 d6 3. d4 cxd4 4. Nxd4 Nf6 5. Nc3 a6 6. h3 e5 7. Nb3 Be6 {[%emt 0:00:24] B90: Sicilian Najdorf: Unusual White 6th moves, 6 Be3 Ng4 and 6 Be3 e5.} 8. f4 Nc6 {[%emt 0:01:11] Recently 8...b5 got a lot of attention.} 9. f5 Bxb3 10. axb3 d5 11. exd5 Nd4 12. Qd3 Rc8 13. Be3 $146 ({Predecessor:} 13. Bd2 Be7 14. O-O-O Nxd5 15. Qe4 Nb4 16. Bf4 Nxb3+ 17. Kb1 Qa5 18. cxb3 Rxc3 19. bxc3 {1-0 Rasmussen,A (2524)-Hillarp Persson,T (2555) DEN-chT 1415 53rd 2014 (6.1)}) 13... Bc5 14. O-O-O O-O 15. Kb1 b5 16. Be2 Qc7 17. Bf3 h6 18. Bxd4 exd4 19. Ne4 Nxd5 20. Nxc5 Qxc5 21. Bxd5 Qxd5 22. g4 Qc6 23. Rh2 Rcd8 $1 24. Re2 a5 25. Re4 a4 (25... b4 $1 $14) 26. b4 $16 (26. Rxd4 Rxd4 27. Qxd4 axb3 28. cxb3 Qg2 $11) 26... Rfe8 27. Rxd4 Rxd4 28. Qxd4 Qf3 29. Qd7 Kh7 (29... Qe2 $16 {is a better defense.} 30. Qd3 Qe5) 30. Rc1 $18 Ra8 31. Qxf7 (31. Qxb5 a3 32. Qd3 a2+ 33. Ka1 Qf4 $11) 31... Ra6 32. Qd7 Qxh3 $2 (32... a3 {was called for.} 33. Qd3 (33. Qxb5 axb2 34. Qxa6 bxc1=Q+ 35. Kxc1 Qf4+ 36. Kd1 Qxb4 $16) 33... Qxd3 34. cxd3 a2+ 35. Ka1 Rd6 36. Kxa2 Rxd3) 33. Qxb5 $18 Rf6 34. Qc4 (34. Qxa4 h5 35. b5 Qe3) 34... a3 35. b3 Qe3 36. Rd1 Qe5 {[%emt 0:00:04] [#]} 37. Qd4 $1 Qe2 38. Rc1 Rc6 39. Ka2 Ra6 (39... Rxc2+ {was worth a try.} 40. Rxc2 (40. Kxa3 $2 Qa6#) 40... Qxc2+ 41. Kxa3 Qe2) 40. Qc3 ({But not} 40. Qd3 Qe5 41. Rb1 (41. Qxa6 $2 Qb2#) (41. f6+ Kg8 $18) 41... Rd6 $18) 40... Qxg4 41. b5 Rf6 42. Qd3 h5 (42... Qb4 $142 43. Rd1 (43. c4 Qc5 $18) 43... Qf8) 43. c4 $18 h4 44. Rc3 Rxf5 45. b6 g6 46. Qd7+ ({Not} 46. Kxa3 Qg1 47. Qd7+ Kh6 48. Qd2+ Kh7 $11) 46... Kh6 47. Qd2+ (47. Kxa3 $2 {perishes.} Ra5+ $19) 47... Kh5 48. b7 Rf8 49. c5 h3 50. c6 Qh4 51. Rc2 Qe4 52. Qe2+ 1-0

[Event "7th Sharjah Masters 2024"]
[Site "Sharjah"]
[Date "2024.05.19"]
[Round "6.27"]
[White "Siddharth, Jagadeesh"]
[Black "Gupta, Abhijeet"]
[Result "1-0"]
[ECO "B91"]
[WhiteElo "2512"]
[BlackElo "2604"]
[Annotator "TA"]
[PlyCount "109"]
[EventDate "2024.05.13"]
[EventType "swiss"]
[EventCountry "UAE"]
[SourceTitle "playchess.com"]
[Source "ChessBase"]
[SourceQuality "1"]
[TimeControl "5400+30"]

1. e4 c5 2. Nf3 d6 3. d4 cxd4 4. Nxd4 Nf6 5. Nc3 a6 6. g3 e5 7. Nb3 Be7 8. Bg2 O-O 9. O-O b6 10. a4 Bb7 11. Qe2 Nbd7 12. Rd1 Rc8 13. Nd2 Qc7 14. Nf1 Rfe8 15. Ne3 Bf8 16. Bd2 Nc5 17. Ned5 Nxd5 18. Nxd5 Bxd5 19. exd5 a5 20. Bh3 Rb8 21. Qb5 g6 22. c3 f5 23. Be3 Bg7 24. Rac1 Rec8 25. f3 Qd8 26. Rc2 Bf6 27. b4 Nd7 28. g4 f4 29. g5 Bxg5 (29... Rc7 $1 $15 30. Bxf4 Bxg5) 30. Bxd7 $11 fxe3 31. Bxc8 Rxc8 32. Qd3 Bf4 33. bxa5 bxa5 34. Rb1 Qg5+ 35. Rg2 Qh5 36. Rb7 Kh8 37. c4 (37. Qe4 $2 Rxc3 38. Rb1 Kg7 $19) 37... Qh4 (37... Qxf3 38. Rxh7+ Kxh7 39. Qxg6+ Kh8 40. Qg7#) 38. Qe2 Qf6 (38... Rxc4 39. Qxc4 Bxh2+ 40. Rxh2 $18) 39. Qd3 Rf8 40. Rg4 Bg5 $2 (40... e4 $6 41. Qxe4 Qa1+ 42. Qb1 $16 (42. Rb1 Qa2 $16)) (40... Rf7 $11 {and Black stays safe.} 41. Rb8+ Rf8 (41... Kg7 42. Qe4 $11)) 41. Qe4 $18 Bf4 42. Kf1 $2 ({Only move:} 42. h4 $1 $18 ) 42... Rf7 $1 $14 43. Rb5 Qd8 (43... Bxh2 $5 44. Qxe3 Bf4 $16) 44. Ke2 Kg7 (44... Rc7 $14) 45. h3 (45. c5 $16) 45... Kh6 46. c5 dxc5 47. Rxc5 Rf6 (47... Qb8 $11) 48. Qc2 $16 Rf5 {[%emt 0:06:50] [#]} (48... Bg5 $14) 49. Qd3 (49. Rc7 $142 $1 {Strongly threatening Qc6.} Qxd5 50. Rh4+ Rh5 (50... Kg5 51. Rcxh7 Kf6 52. Rc7 $18) 51. Rxh5+ Kxh5 52. Rxh7+ Bh6 53. Rc7) 49... Qd6 (49... Rf7 $16) 50. Qb5 $2 (50. Rxa5 Qb4 51. Rh4+ Rh5 $11) (50. Rc6 $18 Qd7 51. Qb5) 50... e4 $1 $11 51. fxe4 Rf7 {[%emt 0:00:12] [#]} (51... Bg5 $1 $11 {remains equal.} 52. Rh4+ (52. exf5 $2 Qh2+ 53. Kd3 Qd2+ 54. Kc4 e2 $19) 52... Bxh4 53. exf5 Qh2+ 54. Kxe3 Bg5+ 55. Ke4 Qf4+ 56. Kd3 Qxf5+ 57. Kc3 Bf6+ 58. Kd2 Bg5+ 59. Kd1 Qf2 60. Qxa5 Qg1+ 61. Kc2 Qc1+ 62. Kb3 Qb1+ 63. Kc3 Bf6+ 64. Kc4 Qf1+ 65. Kb4 Qb1+ 66. Kc4 Qf1+ 67. Kb4 Qb1+ 68. Kc4) 52. Rc2 $2 (52. Qxa5 Be5 53. Kd3 (53. Kxe3 $2 Kg7 $19) 53... Rb7 $19) (52. Rc6 $1 $16 {[%cal Rc6d6] keeps the pressure on.} Qa3 53. Qd3 (53. Qxa5 $2 Be5 $19) 53... Qb2+ 54. Qc2) 52... Qe5 $2 ({Black should try} 52... Qf6 $19 53. Rxf4 (53. Qxa5 $2 {is the wrong capture.} Bg5 $19) 53... Qxf4) 53. d6 (53. Qb6 $14 Qxe4 54. Rh4+ Kg5 55. Qd8+ Rf6 56. Rg4+ Kh6 57. Qxf6 Qxc2+ 58. Kf3 Qf2+ 59. Ke4) 53... Qxe4 $2 (53... Qxd6 $11 54. Qc6 Qe5 55. Rh4+ (55. Qd5 Qf6 $17) 55... Kg7) 54. Rc4 Qh1 55. Rcxf4 1-0

[Event "7th Sharjah Masters 2024"]
[Site "Sharjah"]
[Date "2024.05.19"]
[Round "6.28"]
[White "Kuybokarov, Temur"]
[Black "Krzyzanowski, Marcin"]
[Result "1-0"]
[ECO "A20"]
[WhiteElo "2602"]
[BlackElo "2526"]
[Annotator "TA"]
[PlyCount "75"]
[EventDate "2024.05.13"]
[EventType "swiss"]
[EventCountry "UAE"]
[SourceTitle "playchess.com"]
[Source "ChessBase"]
[SourceQuality "1"]
[TimeControl "5400+30"]

1. c4 e5 2. g3 Nf6 3. Bg2 d5 4. cxd5 Nxd5 5. Nf3 Nc6 6. O-O Nb6 7. b3 Be7 8. Bb2 Bf6 {[%emt 0:01:12] ...e4 would now be deadly.} 9. Nc3 {[%emt 0:01:29][%cal Bb1c3,Bc3e4,Be4f6][%mdl 32] White is slightly better.} Bf5 {[%emt 0:03:15] Repels Ne4} 10. d3 O-O 11. Ne4 Re8 {[%emt 0:09:59] [#]} ({Black should try} 11... Bxe4 $1 $14 12. dxe4 a5) 12. Nxf6+ $1 $16 {[%emt 0:06:15] White leaves nothing to chance now.} Qxf6 {[%emt 0:00:06] [#]} 13. b4 $1 Bg4 (13... a6 14. a4) 14. b5 Nd4 15. Nxd4 exd4 16. Re1 (16. Bxb7 $6 Bxe2 17. Qb3 Rab8 $11) 16... Rad8 (16... a6 $16 {was necessary.}) 17. Bxb7 $18 Qe5 18. Qc2 Qh5 (18... Nd5 $142 19. Qc4 Nb6) 19. Be4 (19. Qxc7 Rd7 20. Qc6 Re6 $11) 19... f5 20. Bc6 {[%emt 0:00:35] This pair of bishops is nice.} Re6 21. Qc5 Red6 (21... f4 $142 22. Bxd4 Nd5) 22. f3 Bh3 23. a4 Kh8 (23... Qf7 $142 24. Bc1 (24. a5 Nd7 $18) 24... h6) 24. a5 Nd7 25. Bxd7 (25. Qxa7 $142 Ne5 26. Qxc7 Nxc6 27. Ba3 (27. bxc6 Qe8 $18)) 25... R6xd7 26. Ra4 (26. Qxa7 $6 f4 $18) 26... Qe8 27. Bc1 {[%emt 0:04:13] Repels Qe3+} (27. Rxd4 $2 Qe3+ 28. Kh1 Qf2 $19 (28... Rxd4 29. Bxd4 Qxd4 30. Qxd4 $15)) (27. Bxd4 Rxd4 28. Rxd4 Qe3+ 29. Kh1 Qxd4 (29... Rxd4 30. Qf8#) 30. Qxd4 Rxd4 $15) (27. Qxa7 Qe3+ 28. Kh1 Qf2 29. Rg1 Qxe2 30. Qb7 Rd5 (30... Qxb2 $2 31. g4 $19) (30... Qxb2 $2 31. b6 $19)) 27... Rd5 28. Qxa7 (28. Qxc7 Rxb5 29. a6 (29. Qxa7 Rb1 $17) 29... Rb1 $16) 28... h6 29. Rc4 (29. Qxc7 Rc8 $11) 29... Re5 (29... Ra8 {might work better.} 30. Qxc7 Qxb5 31. Bxh6 Rd7 (31... gxh6 $2 32. Rc6 $18)) 30. Kf2 (30. Rxc7 {gets mated.} Rxe2 31. Re7 Rxe1+ 32. Kf2 Rxe7 33. g4 Rxa7 34. gxf5 Rc7 (34... Qxb5 {leads to mate.} 35. Kg3 Qxf5 36. Bf4 Rxa5 37. Bd2 Qg6+ 38. Bg5 Rxg5+ 39. Kf2 Qe8 40. f4 Qe3#) (34... Rxa5 35. Bf4 Ra2+ 36. Kg3 Qh5 37. Bd2 Rxd2 38. f6 Rg2+ 39. Kf4 Qf5#) 35. Bf4 Rc2+ (35... Rc3 36. Kg3 Rxd3 37. Kh4 Rxf3 38. Bd2 Qe4+ 39. Bf4 Rxf4+ 40. Kxh3 Qf3#) 36. Kg3 Qh5 (36... Bxf5 37. Bd2 Rxd2 38. Kf4 Qe3+ 39. Kxf5 Qxf3+ 40. Kg6 Rg2#) (36... Bxf5 {is a self mate.} 37. Bd2 Rxd2 38. Kf4 Qe3+ 39. Kxf5 Qxf3+ 40. Kg6 Rg2#)) 30... Qxb5 31. Rxc7 f4 32. Bxf4 Re6 33. Rxg7 Bf5 {[%emt 0:00:02] Inhibits Rh7+.} 34. g4 Bg6 35. Qc7 Rde8 36. Bxh6 {[%emt 0:00:50][%cal Og7h7] Rh7+! would kill now.} Bf7 37. Rxf7 Rxh6 38. Qf4 {[%emt 0:00:13][%csl LRd4,LRh6] Weighted Error Value: White=0.17 (very precise) /Black=0.56.  Mistake:       	White=1     	Black=6      Inaccurate:     	White=1     	Black=4      OK:         	White=16    	Black=8      Best:        	White=2     	---        Strong:       	White=1     	---} 1-0

[Event "7th Sharjah Masters 2024"]
[Site "Sharjah"]
[Date "2024.05.19"]
[Round "6.29"]
[White "Assaubayeva, Bibisara"]
[Black "Safarli, Eltaj"]
[Result "1/2-1/2"]
[ECO "A09"]
[WhiteElo "2481"]
[BlackElo "2597"]
[Annotator "TA"]
[PlyCount "99"]
[EventDate "2024.05.13"]
[EventType "swiss"]
[EventCountry "UAE"]
[SourceTitle "playchess.com"]
[Source "ChessBase"]
[SourceQuality "1"]
[TimeControl "5400+30"]

1. Nf3 d5 2. e3 c5 3. c4 d4 4. g3 g6 5. Bg2 Bg7 6. O-O Nc6 7. d3 dxe3 8. fxe3 (8. Bxe3 $5 Bxb2 9. Nbd2 $11) 8... Nf6 9. Nc3 O-O 10. h3 (10. d4 $15 {deserves consideration.}) 10... Qd6 11. Ne2 Rd8 12. d4 Ne4 13. Kh2 f5 (13... cxd4 14. exd4 Bf5 15. Qe1 $11) 14. a3 (14. b3 $15 {should be considered.}) 14... b6 15. Qc2 Ba6 16. b4 Bb7 (16... cxd4 17. exd4 Nxd4 18. Nfxd4 $16) (16... cxb4 $17 {[%cal Ob4b3] White must now prevent ...b3!} 17. axb4 Nxb4) 17. Bb2 e5 (17... cxb4 $15 18. Nf4 e6) 18. d5 $11 Nb8 {[%emt 0:04:37] [#]} (18... Ne7 $11 {keeps the balance.}) 19. Nd2 (19. Nh4 $1 $16 ) 19... Nxd2 $14 20. Qxd2 Nd7 21. e4 Rf8 22. Kh1 (22. b5 $14) 22... a5 (22... cxb4 $11 23. axb4 fxe4) 23. b5 $1 Rae8 24. Rf2 Bc8 $1 25. Raf1 Nf6 26. exf5 gxf5 27. Qg5 Kh8 (27... h6 $11 28. Qh4 Qe7) 28. g4 {[%emt 0:02:16] White is more active.} fxg4 {[%emt 0:01:55] [#]} ({Black should play} 28... Qe7 $14 29. gxf5 Ne4 30. Qxe7 Nxf2+ 31. Rxf2 Rxe7) 29. h4 $1 $16 Ng8 ({Wrong is} 29... h6 $2 30. Qg6 Qe7 31. Ng3 $18) (29... g3 $16 {is a better defense.} 30. Nxg3 Bd7) 30. Ng3 $18 {[%emt 0:03:18] And now Nh5 would win.} Rxf2 31. Rxf2 Qg6 $2 (31... h6 32. Qh5 Rf8) 32. Ne4 $2 ({White must play} 32. Be4 $18 Qxg5 33. hxg5) 32... Nh6 $11 {[%emt 0:00:27] The position is equal.} 33. Qxg6 hxg6 34. Nd6 Rd8 35. Nxc8 Rxc8 36. Be4 {[%emt 0:00:07][%cal Oh1g2] Inhibits Nf5.} Nf5 $1 37. Bxf5 Rf8 38. Re2 $1 gxf5 39. Bxe5 {[%emt 0:00:14][%mdl 4096] Endgame. KRB-KRB} f4 40. Kg1 {[%emt 0:03:24] Threatens to win with Bd6.} g3 41. Re4 Bxe5 42. Rxe5 {[%emt 0:00:01] KR-KR} Kg7 43. Rg5+ Kh6 44. d6 (44. Kg2 $5) 44... Rf7 45. Kf1 Rd7 46. Rd5 {[%emt 0:00:09] aiming for Kg2.} f3 47. Rd3 Kh5 {[%emt 0:01:05] Strongly threatening ...Kg4.} 48. Rxf3 Rxd6 {[%emt 0:00:08] ...Kg4 is the strong threat.} 49. Rxg3 Rd4 50. Rg5+ {[%emt 0:00:05] Weighted Error Value: White=0.24 (precise) /Black=0.26 (precise) .  Missed win:     	White=1     	---        Mistake:       	White=4     	Black=8      Inaccurate:     	White=4     	Black=4      OK:         	White=10    	Black=18     Best:        	White=3     	Black=5      Strong:       	White=3     	Black=2} 1/2-1/2

[Event "7th Sharjah Masters 2024"]
[Site "Sharjah"]
[Date "2024.05.19"]
[Round "6.30"]
[White "Gholami Orimi, Mahdi"]
[Black "Idani, Pouya"]
[Result "1/2-1/2"]
[ECO "A21"]
[WhiteElo "2470"]
[BlackElo "2605"]
[Annotator "TA"]
[PlyCount "66"]
[EventDate "2024.05.13"]
[EventType "swiss"]
[EventCountry "UAE"]
[SourceTitle "playchess.com"]
[Source "ChessBase"]
[SourceQuality "1"]
[TimeControl "5400+30"]

1. d4 d6 2. c4 e5 3. Nf3 e4 4. Ng5 f5 5. Nc3 Be7 6. Nh3 Nf6 7. Bg5 Be6 8. Nf4 Bf7 9. e3 O-O 10. Be2 c5 11. dxc5 dxc5 12. Qxd8 Bxd8 13. Bxf6 Bxf6 14. Nfd5 Bxc3+ 15. Nxc3 Rd8 16. f3 exf3 {[%emt 0:11:58] The position is equal.} 17. Bxf3 Nc6 $1 18. Bxc6 bxc6 19. O-O g6 20. b3 Rd3 $1 21. Na4 Rxe3 22. Rfe1 Rae8 23. Rxe3 Rxe3 $11 {[%emt 0:00:05][%mdl 4096] Endgame. KRB-KRN} 24. Kf2 Re5 25. Rd1 g5 26. Rd7 Bh5 27. Rxa7 Re2+ 28. Kf1 Rxa2 {[%emt 0:00:41] Strongly threatening ...Bd1.} 29. Re7 f4 30. Re5 h6 31. h4 Ra1+ 32. Re1 Rxe1+ 33. Kxe1 Kf7 {[%emt 0:01:17] Weighted Error Value: White=0.07 (flawless) /Black=0.03 (flawless) .  Inaccurate:     	White=3     	Black=2      OK:         	White=13    	Black=13     Strong:       	---       	Black=2} 1/2-1/2